 Dungeon Crawl Stone Soup version 0.21-a0-321-g91e3373 (console) character file.

70 nht the Vexing (level 4, -7/30 HPs)
             Began as a Gnoll Enchanter on Sept 30, 2017.
             Mangled by a worm (9 damage)
             ... on level 3 of the Dungeon.
             The game lasted 00:02:15 (1657 turns).

nht the Vexing (Gnoll Enchanter)                    Turns: 1657, Time: 00:02:16

Health: -7/30      AC:  2    Str: 11    XL:     4   Next: 22%
Magic:  11/11      EV: 14    Int: 18    God:
Gold:   44         SH:  0    Dex: 15    Spells: 3/13 levels left

rFire    . . .     SeeInvis .   f - +6 hand axe
rCold    . . .     Gourm    .   (no shield)
rNeg     . . .     Faith    .   b - +0 robe
rPois    +         Spirit   .   (no helmet)
rElec    .         Reflect  .   (no cloak)
rCorr    .         Harm     .   (no gloves)
MR       .....                  (no boots)
Stlth    ++........             (no amulet)
HPRegen  0.10/turn              g - ring of poison resistance
MPRegen  0.12/turn              (no ring)

@: very slow
A: distributed training, fangs 1, strong nose
a: no special abilities


You were on level 3 of the Dungeon.
You were very hungry.

You visited 1 branch of the dungeon, and saw 3 of its levels.

You collected 44 gold pieces.

Inventory:

Hand Weapons
 a - a +1 dagger
 f - a +6 hand axe (weapon)
Missiles
 h - 3 curare-tipped needles
 i - 12 tomahawks (quivered)
Armour
 b - a +0 robe (worn)
Jewellery
 g - a ring of poison resistance (left hand)
Potions
 e - a potion of curing {unknown}
Books
 c - a book of Maledictions

   Spells                             Type                      Level
   a - Corona                         Hexes                        1
   b - Ensorcelled Hibernation        Hexes/Ice                    2
   c - Confuse                        Hexes                        3
   d - Tukima's Dance                 Hexes                        3
   e - Dazzling Spray                 Conjuration/Hexes            3
Comestibles
 d - a bread ration


   Skills:
 + Level 0.0 Fighting
 + Level 2.6 Short Blades
 + Level 0.8 Long Blades
 + Level 0.0 Axes
 + Level 0.8 Maces & Flails
 + Level 1.7 Polearms
 + Level 1.7 Staves
 + Level 0.0 Slings
 + Level 2.0 Bows
 + Level 0.8 Crossbows
 + Level 0.8 Throwing
 + Level 0.0 Armour
 + Level 4.5 Dodging
 + Level 5.8 Stealth
   Level 0.0 Stabbing
 + Level 1.3 Shields
   Level 0.0 Traps
 + Level 0.8 Unarmed Combat
 + Level 5.0 Spellcasting
 + Level 0.0 Conjurations
 + Level 6.5 Hexes
 + Level 0.0 Charms
 + Level 0.8 Summonings
 + Level 1.3 Necromancy
 + Level 1.7 Translocations
 + Level 0.8 Transmutations
 + Level 1.7 Fire Magic
 + Level 1.3 Ice Magic
 + Level 0.0 Air Magic
 + Level 1.3 Earth Magic
 + Level 1.3 Poison Magic
 + Level 1.7 Invocations
 + Level 0.0 Evocations


You had 3 spell levels left.
You knew the following spells:

 Your Spells              Type           Power        Failure   Level  Hunger
a - Corona                Hex            ####...      1%          1    None
b - Confuse               Hex            ####....     2%          3    ##.....
c - Tukima's Dance        Hex            ####....     2%          3    ##.....
d - Dazzling Spray        Conj/Hex       ###...       11%         3    ##.....


Dungeon Overview and Level Annotations

Branches:
Dungeon (3/15)

Altars:
Fedhas


Innate Abilities, Weirdness & Mutations

Your experience applies equally to all skills.
You have very sharp teeth.
Your uncanny sense of smell can sniff out nearby items.


Message History

The kobold splashes around in the water.
The frilled lizard moves out of view.
You hit the kobold but do no damage. The kobold hits you. x2
You hit the kobold.
You kill the kobold!
You hear a splash. x2
You see here a murky green potion.
e - a murky green potion You enter the shallow water.
Moving in this stuff is going to be slow.
Found 6 gold pieces.
Things that are here:
an uncursed blowgun; 6 poisoned needles; a kobold corpse You slash the worm!
You bite the worm, but do no damage.
The worm is heavily wounded.
The worm bites you!
* * * LOW HITPOINT WARNING * * *
Your unstable footing causes you to fumble your attack.
The worm bites you!
You die...

█.█████..█ ... ..█..█
....█.█..█████
.............█
....█≈.≈.≈.█
.....≈≈≈..█
...█.█w≈_≈≈.█ ∆
......≈@≈...█
$....█≈..≈..█ ...
...█.█<.....█ █..
...█.███....█
█.██████.█=..█....█
█.█..<.....█.███..█
█.█.█..)...█....(.█
█.█.█..█.█.█████.██
████.█)█.██.█.█████.███


You could see a worm.

Vanquished Creatures
  2 gnolls
  2 adders (D:2)
  An ooze (D:1)
  2 dart slugs (D:3)
  4 bats (D:1)
  A goblin (D:3)
  4 kobolds
  3 frilled lizards (D:1)
  3 rats (D:1)
22 creatures vanquished.

Vanquished Creatures (collateral kills)
  A gnoll (D:3)
1 creature vanquished.

Grand Total: 23 creatures vanquished

Notes
Turn   | Place    | Note
-------+----------+-------------------------------------------
     0 | D:1      | nht the Gnoll Enchanter began the quest for the Orb.
     0 | D:1      | Reached XP level 1. HP: 13/13 MP: 6/6
    44 | D:1      | Reached skill level 1 in Poison Magic
    44 | D:1      | Reached skill level 1 in Invocations
    44 | D:1      | Reached XP level 2. HP: 14/19 MP: 7/7
    63 | D:1      | Reached skill level 1 in Necromancy
   326 | D:1      | Reached skill level 1 in Staves
   358 | D:1      | Reached skill level 1 in Fire Magic
   789 | D:2      | Reached skill level 5 in Spellcasting
   789 | D:2      | Reached skill level 1 in Ice Magic
   789 | D:2      | Reached XP level 3. HP: 8/24 MP: 7/9
  1363 | D:3      | Reached skill level 1 in Bows
  1363 | D:3      | Reached skill level 1 in Shields
  1363 | D:3      | Reached skill level 1 in Earth Magic
  1376 | D:2      | Reached skill level 1 in Polearms
  1376 | D:2      | Reached skill level 1 in Translocations
  1376 | D:2      | Reached XP level 4. HP: 3/30 MP: 11/11
  1382 | D:2      | Learned a level 3 spell: Confuse
  1590 | D:2      | Learned a level 3 spell: Tukima's Dance
  1594 | D:2      | Learned a level 3 spell: Dazzling Spray
  1642 | D:3      | Found a blossoming altar of Fedhas.
  1656 | D:3      | HP: 1/30 [worm (11)]
  1657 | D:3      | Mangled by a worm

Vault maps used:
D:1:      dpeg_arrival_fog, interstate_on_off, nrook_uturn
D:2:      first_bread, uniq_natasha
D:3:      lemuel_crystal_altar, ashenzari_altar_1, fedhas_altar_2,
          kennysheep_nub, uniq_crazy_yiuf_cottage

Skill      XL: |  1  2  3  4 |
---------------+-------------+-----
Poison Magic   | 1 |  1.3
Invocations    | 1 |  1.7
Necromancy     | 1 |  1.3
Staves         | 1 |  1.7
Fire Magic     | 1 |  1.7
Spellcasting   | 5 |  5.0
Ice Magic      | 1 |  1.3
Bows           | 1 2 |  2.0
Shields        | 1 |  1.3
Earth Magic    | 1 |  1.3
Polearms       | 1 |  1.7
Translocations | 1 |  1.7
Short Blades   | |  2.6
Long Blades    | |  0.8
Maces & Flails | |  0.8
Crossbows      | |  0.8
Throwing       | |  0.8
Dodging        | |  4.5
Stealth        | |  5.8
Unarmed Combat | |  0.8
Hexes          | |  6.5
Summonings     | |  0.8
Transmutations | |  0.8

Action                   |  1- 3 |  4- 6 || total
-------------------------+-------+-------++-------
Melee: Dagger            |    39 |       ||    39
       Hand axe          |    18 |     8 ||    26
       Bite              |     3 |     1 ||     4
 Cast: Tukima's Dance    |       |     1 ||     1
  Use: Scroll            |     1 |       ||     1
 Stab: Sleeping          |     6 |       ||     6
  Eat: Chunk             |     1 |       ||     1
Armor: Robe              |    17 |       ||    17
Dodge: Dodged            |    58 |     6 ||    64

Table legend:
 A = Spawn XP
 B = Non-spawn XP
 C = Spawn XP percentage of total XP
 D = Spawn monster count
 E = Non-spawn monster count
 F = Spawn count percentage of total count
 G = Total turns spent on level
                    A         B        C        D         E        F      G
               +---------+---------+-------+---------+---------+-------+---------
         Total |       0 |     101 |   0.0 |       0 |      23 |   0.0 |  1657
               +---------+---------+-------+---------+---------+-------+---------
           D:1 |       0 |      24 |   0.0 |       0 |      14 |   0.0 |   821
           D:2 |       0 |      40 |   0.0 |       0 |       3 |   0.0 |   668
           D:3 |       0 |      37 |   0.0 |       0 |       6 |   0.0 |   168
               +---------+---------+-------+---------+---------+-------+---------
